 Seeded DCSS version 0.29-a0-375-g5102b3be25 (webtiles) character file.

Game seed: 12277325093202877910 (custom seed)

266 zeratav the Changer (level 6, 0/38 HPs)
             Began as an Octopode Transmuter on May 3, 2022.
             Was an Initiate of Ashenzari.
             Slain by a gnoll shaman
             ... wielding a +0 whip
              (7 damage)
             ... on level 4 of the Dungeon.
             The game lasted 00:04:12 (3556 turns).

zeratav the Changer (Octopode Transmuter)           Turns: 3556, Time: 00:04:12

Health: 0/38       AC:  5    Str: 10    XL:     6   Next: 20%
Magic:  4/9        EV: 13    Int: 17    God:    Ashenzari [......]
Gold:   1103       SH:  0    Dex: 12    Spells: 5/9 levels left

rFire   . . .      SeeInvis .     - Unarmed
rCold   . . .      Faith    .   (no shield)
rNeg    . . .      Spirit   .   (helmet restricted)
rPois   +          Reflect  .   (no amulet)
rElec   .          Harm     .   f - +4 ring of protection
rCorr   .          Rampage  .   p - ring of poison resistance
Will    .....                   (no ring)
Stlth   ++........              (no ring)
HPRegen 0.12/turn               (no ring)
MPRegen 0.11/turn               (no ring)
                                (no ring)
                                (no ring)

@: no status effects
A: almost no armour, amphibious, 8 rings, camouflage 1, gelatinous body 1,
(nimble swimmer 1), tentacles
a: Renounce Religion


You were on level 4 of the Dungeon.
You worshipped Ashenzari.
Ashenzari was noncommittal.
You visited 2 branches of the dungeon, and saw 5 of its levels.

You collected 1103 gold pieces.


Innate Abilities, Weirdness & Mutations

You cannot wear most types of armour.
You are amphibious.
You can wear up to eight rings at the same time.
Your skin changes colour to match your surroundings (Stealth+).
Your rubbery body absorbs attacks. (AC +1, EV +1)
((You are camouflaged when in or above water. (Stealth+)))
You have tentacles for arms and can constrict up to eight enemies at once.


   Skills:
 - Level 1.0 Fighting
 - Level 2.0 Dodging
 - Level 3.0 Unarmed Combat
 - Level 2.0 Spellcasting
 + Level 6.3 Transmutations


You had 5 spell levels left.
You knew the following spells:

 Your Spells              Type           Power      Damage    Failure   Level
a - Beastly Appendage     Tmut           46%        N/A       1%          1
b - Spider Form           Tmut/Pois      12%        N/A       16%         3

Your spell library contained the following spells:

 Spells                   Type           Power      Damage    Failure   Level
 Wereblood                Tmut           23%        N/A       2%          2
 Pain                     Necr           4%         1d4       19%         1
 Ice Form                 Ice/Tmut       12%        N/A       45%         4
 Agony                    Necr           1%         N/A       99%         5
 Excruciating Wounds      Necr           0%         N/A       99%         5

Inventory:

Jewellery
 f - a +4 ring of protection (left tentacle)
   (You found it on level 1 of the Dungeon)
 p - a ring of poison resistance (right tentacle)
   (You found it on level 3 of the Dungeon)
Wands
 i - a wand of iceblast (8)
   (You found it on level 2 of the Dungeon)
Scrolls
 a - 2 scrolls of poison {unknown}
 c - 8 scrolls of identify {unknown}
 d - a scroll of teleportation {unknown}
 g - a scroll of brand weapon {unknown}
 h - a scroll of noise {unknown}
 l - a scroll of amnesia {unknown}
 m - a scroll of fog {unknown}
 q - a scroll of vulnerability {unknown}
 r - a scroll of fear {unknown}
Potions
 b - 2 potions of attraction {unknown}
 e - 2 potions of flight {unknown}
 j - 2 potions of heal wounds {unknown}
 k - a potion of might {unknown}
 n - a potion of resistance {unknown}
 o - a potion of mutation {unknown}
 s - a potion of curing {unknown}

Dungeon Overview and Level Annotations

Branches:
Dungeon (4/15)             Temple (1/1) D:4

Altars:
Ashenzari
Dithmenos
Elyvilon
Fedhas
Gozag
Kikubaaqudgha
Makhleb
Okawaru
Ru
Sif Muna
Uskayaw
Vehumet
Yredelemnul
The Shining One

#. ...# ##.....
#.##...#g. #......
#......... ##.....
#......##.####.###.
# #.# # #......# #.
#.##.##.#
######.###.
#...gg..# ##.>..
####g#### ##...#.
#@#### ##.....#
#.##.## ##.......
#.#...####........
#........'........
#.#...####........
#.##.## ##.......
#.####### ##.....#
#.###...# ##...##
#.......# ##'##


You could see a gnoll shaman (extremely poisoned) and 2 gnolls.


Message History

A gnoll shaman comes into view. It is wielding a +0 whip.
Casting: Beastly Appendage (safe; 1% risk of failure)
Confirm with . or Enter, or press ? or * to list all spells.
The spell is quite dangerous to miscast (16% risk of failure)!
Continue anyway? [Y]es or [N]o only, please.
The spell is quite dangerous to miscast (16% risk of failure)!
Continue anyway?
Okay, then.
Casting: Spider Form (quite dangerous; 16% risk of failure)
Confirm with . or Enter, or press ? or * to list all spells.
The spell is quite dangerous to miscast (16% risk of failure)!
Continue anyway?
You miscast Spider Form.
You are very lightly contaminated with residual magic.
Nothing appears to happen.
The goblin hits you but does no damage.
MP[-3]
You lost 3 mp, and now have 6/9 mp.
Casting: Spider Form (quite dangerous; 16% risk of failure)
Confirm with . or Enter, or press ? or * to list all spells.
The spell is quite dangerous to miscast (16% risk of failure)!
Continue anyway?
You turn into a venomous arachnid creature.
The goblin closely misses you.
MP[-3]
You lost 3 mp, and now have 3/9 mp.
You hit the goblin.
The goblin is poisoned.
You kill the goblin!
The gnoll hits you with a +2 flail of venom.
You are poisoned.
You see here a +0 club {mace}.
HP[-1]
You take 1 damage, and now have 37/38 hp.
You hit the gnoll.
The gnoll is poisoned.
You feel sick.
The gnoll hits you with a +2 flail of venom.
You are more poisoned.
HP[-3]
You take 3 damage, and now have 34/38 hp.
The gnoll shaman shouts!
You hit the gnoll.
The gnoll looks as sick as possible!
Your transformation is almost over.
You feel sick.
You kill the gnoll!
The gnoll closely misses you.
HP[-2]
You take 2 damage, and now have 32/38 hp.
You hit the gnoll but do no damage.
The gnoll is poisoned.
You feel sick.
The gnoll hits you from afar with a +0 spear.
The gnoll misses you.
HP[-6]
You take 6 damage, and now have 26/38 hp.
You hit the gnoll.
You feel sick. The gnoll closely misses you. The gnoll hits you with a +0 club.
* * * LOW HITPOINT WARNING * * *
Your magical contamination has completely faded away.
HP[-7]
You take 7 damage, and now have 19/38 hp.
You hit the gnoll but do no damage.
The gnoll looks even sicker.
You feel sick. The gnoll misses you. x2
HP[-1] MP[+1]
You take 1 damage, and now have 18/38 hp.
You barely miss the gnoll.
You feel sick. The gnoll completely misses you. The gnoll closely misses you.
The gnoll shaman calls upon its god to heal the gnoll.
The gnoll is healed somewhat.
HP[-1]
You take 1 damage, and now have 17/38 hp.
You hit the gnoll.
The gnoll looks as sick as possible!
You feel sick.
A gnoll comes into view. It is wielding a +0 whip.
The gnoll closely misses you. x2
HP[-1]
You take 1 damage, and now have 16/38 hp.
You barely miss the gnoll.
You feel sick.
You kill the gnoll!
The gnoll hits you from afar with a +0 spear.
* * * LOW HITPOINT WARNING * * *
HP[-5]
You take 5 damage, and now have 11/38 hp.
You hit the gnoll shaman but do no damage.
You feel sick. The gnoll misses you.
The gnoll shaman calls upon its god to speed up the gnoll.
The gnoll seems to speed up.
HP[-1]
You take 1 damage, and now have 10/38 hp.
You hit the gnoll shaman but do no damage.
The gnoll shaman is poisoned.
You feel sick.
You are no longer poisoned.
The gnoll completely misses you. The gnoll shaman misses you.
HP[-1]
You take 1 damage, and now have 9/38 hp.
You hit the gnoll shaman but do no damage.
The gnoll shaman looks as sick as possible!
Your transformation has ended.
The gnoll closely misses you. The gnoll barely misses you.
The gnoll shaman hits you with a +0 whip.
* * * LOW HITPOINT WARNING * * *
HP[-3]
You take 3 damage, and now have 6/38 hp.
You closely miss the gnoll shaman. You grab the gnoll shaman.
You squeeze the gnoll shaman!
You constrict the gnoll shaman, but do no damage.
The gnoll hits you but does no damage.
The gnoll shaman hits you with a +0 whip!
You die...

Skill      XL: |  1  2  3  4  5 |
---------------+----------------+-----
Transmutations | 3 4 5 6 |  6.3
Fighting       | |  1.0
Dodging        | |  2.0
Unarmed Combat | |  3.0
Spellcasting   | |  2.0

Action                   |  1- 3 |  4- 6 || total
-------------------------+-------+-------++-------
Melee: Unarmed           |    66 |    89 ||   155
       Constrict         |    17 |    15 ||    32
       Kick              |     7 |    20 ||    27
       Tentacles         |    11 |    14 ||    25
       Punch             |     2 |     1 ||     3
 Cast: Beastly Appendage |    15 |    18 ||    33
       Spider Form       |       |     3 ||     3
  Use: Potion            |     1 |       ||     1
       Scroll            |     1 |       ||     1
 Stab: Sleeping          |     3 |     5 ||     8
Armor: Skin              |    19 |    17 ||    36
Dodge: Dodged            |    34 |    62 ||    96

Levels and vault maps discovered:
D:1:      tarquinn_simple_flora_water_e, layout_basic, basic_ecumenical_altar,
          nicolae_concentric_dashed_squares_wild
D:2:      layout_basic
D:3:      layout_loops_ring
D:4:      layout_loops_corners, minmay_temple_entry_sparse_star
Temple:   dpeg_three_leaves_temple

Notes
Turn   | Place    | Note
-------+----------+-------------------------------------------
     0 | D:1      | zeratav the Octopode Transmuter began the quest for the
                  | Orb.
     0 | D:1      | Reached XP level 1. HP: 13/13 MP: 3/3
     0 | D:1      | magus.rc [v1.9.6]
   212 | D:1      | Reached XP level 2. HP: 18/18 MP: 5/5
   369 | D:1      | Reached skill level 3 in Transmutations
   386 | D:1      | Reached XP level 3. HP: 15/23 MP: 6/6
  1341 | D:1      | Found a faded altar of an unknown god.
  1795 | D:2      | Reached skill level 4 in Transmutations
  1869 | D:2      | Identified a scroll of acquirement
  1869 | D:2      | Acquired 889 gold pieces
  1888 | D:3      | Reached XP level 4. HP: 27/28 MP: 5/7
  2164 | D:3      | Noticed a bullfrog
  2169 | D:3      | Learned a level 3 spell: Spider Form
  2178 | D:3      | Killed a bullfrog
  2179 | D:3      | Reached skill level 5 in Transmutations
  2179 | D:3      | Reached XP level 5. HP: 30/33 MP: 5/8
  3070 | D:4      | Found a staircase to the Ecumenical Temple.
  3079 | Temple   | Entered the Ecumenical Temple
  3082 | Temple   | Became a worshipper of Ashenzari the Shackled
  3162 | D:4      | Reached skill level 6 in Transmutations
  3162 | D:4      | Reached XP level 6. HP: 35/38 MP: 7/9
  3490 | D:4      | You pick up a book of Pain and begin reading...
  3490 | D:4      | You add the spells Pain, Agony and Excruciating Wounds to
                  | your library.
  3554 | D:4      | HP: 9/38 [poisoned by a gnoll]
  3556 | D:4      | Slain by a gnoll shaman

Vanquished Creatures
  A scorpion (D:4)
  A bullfrog (D:3)
  An iguana (D:4)
  3 gnolls
  2 adders (D:3)
  3 dart slugs
  An orc (D:4)
  6 bats
  8 endoplasms
  4 giant cockroaches
  3 hobgoblins
  10 jackals
  3 ball pythons
  4 frilled lizards
  5 goblins
  7 kobolds
  5 rats
67 creatures vanquished.

Table legend:
 A = Non-vault XP
 B = Vault XP
 C = Vault XP percentage of total XP
 D = Non-vault monster count
 E = Vault monster count
 F = Vault count percentage of total count
                 A         B        C        D         E       F
            +---------+---------+-------+---------+---------+-------
      Total |     381 |       0 |   0.0 |      67 |       0 |   0.0
            +---------+---------+-------+---------+---------+-------
        D:1 |      54 |       0 |   0.0 |      25 |       0 |   0.0
        D:2 |      16 |       0 |   0.0 |       7 |       0 |   0.0
        D:3 |     131 |       0 |   0.0 |      16 |       0 |   0.0
        D:4 |     180 |       0 |   0.0 |      19 |       0 |   0.0
            +---------+---------+-------+---------+---------+-------

Illustrated notes

Table legend:
 A = Kills in this place as a percentage of kills in entire the game.
 B = Kills by you in this place as a percentage of kills by you in the entire game.
 C = Kills by friends in this place as a percentage of kills by friends in the entire game.
 D = Other kills in this place as a percentage of other kills in the entire game.
 E = Experience gained in this place as a percentage of experience gained in the entire game.
 F = Experience gained in this place divided by the number of levels of this place that you have seen.
                   A       B       C       D       E      F
               +-------+-------+-------+-------+-------+----------------------
         Total | 100.0 | 100.0 |   N/A |   N/A | 100.0 |  76.2
       Dungeon | 100.0 | 100.0 |   N/A |   N/A | 100.0 |  95.2
               +-------+-------+-------+-------+-------+----------------------

Table legend: (Time is in decaauts)
 A = Elapsed time spent in this place.
 B = Non-inter-level travel time spent in this place.
 C = Inter-level travel time spent in this place.
 D = Time resting spent in this place.
 E = Time spent auto-exploring this place.
 F = Levels seen in this place.
 G = Mean time per level.
                   A        B        C        D        E       F      G
               +--------+--------+--------+--------+--------+-----+--------+
         Total |   3546 |   3502 |     44 |    247 |   2759 |   5 |  709.2 |
       Dungeon |   3539 |   3495 |     44 |    247 |   2759 |   4 |  884.8 |
        Temple |      6 |      6 |      0 |      0 |      0 |   1 |    6.0 |
               +--------+--------+--------+--------+--------+-----+--------+

Top non-repeatable levels by time:
     D:1: 1376 daAuts
     D:3: 860 daAuts
     D:4: 802 daAuts
     D:2: 499 daAuts
  Temple: 6 daAuts
